Map: Cyber Forest LE

Players

Harstem

  • Race: Protoss Protoss
  • Spawn Location: 11:00

Nerchio - Winner!

  • Race: Zerg Zerg
  • Spawn Location: 5:00

Event: 2019 WCS Spring

VOD

Have the link to the VOD?

Description

Time

  • Played on: May 17, 2019, 11:28 a.m.
  • Length: 12:04

All games in this series

Show
View Real Time Build Order
Export as new Build Order

Harstem Protoss 

Build Orders: 1 Gate Expand, Archon Immortal, Archon Drop, Dark Templar Rush 

Get SALT Encoding   

  12  0:00  Probe  
  13  0:12  Probe  
  14  0:18  Pylon  
  14  0:24  Probe  
  15  0:32  Probe  
  15  0:40  Probe, Gateway  
  16  0:49  Assimilator  
  17  0:52  Probe  
  18  1:04  Probe  
  19  1:16  Probe  
  20  1:26  Nexus  
  20  1:36  Cybernetics Core  
  20  1:38  Probe  
  21  1:45  Assimilator  
  21  1:50  Probe  
  22  1:54  Pylon  
  22  2:02  Probe, Adept  
  23  2:15  Probe  
  26  2:18  Twilight Council  
  26  2:23  Stalker  
  26  2:27  Warp Gate, Probe  
  29  2:38  Probe  
  29  2:39  Probe  
  31  2:46  Probe  
  32  2:52  Probe  
  32  2:54  Robotics Facility  
  32  2:55  Probe  
  34  3:04  Probe  
  35  3:07  Probe  
  36  3:16  Probe  
  38  3:20  Probe  
  38  3:25  Adept, Dark Shrine  
  38  3:28  Probe, Gateway  
  38  3:32  Probe  
  40  3:36  Warp Prism  
  41  3:43  Gateway  
  41  3:44  Gateway  
  42  3:49  Probe  
  42  3:50  Probe  
  42  3:54  Assimilator  
  44  3:58  Pylon  
  44  4:02  Probe  
  45  4:03  Assimilator, Probe  
  45  4:09  Pylon  
  46  4:16  Probe x2  
  48  4:18  Pylon  
  48  4:28  Probe x2  
  50  4:40  Probe x2  
  50  4:42  Dark Templar x3  
  50  4:43  Observer, Dark Templar  
  60  4:46  Pylon, Archon x2  
  61  5:06  Immortal  
  61  5:16  Probe  
  61  5:17  Nexus  
  61  5:19  Pylon  
  66  5:23  Sentry  
  66  5:24  Sentry  
  70  5:32  Immortal  
  70  5:36  Probe  
  70  5:37  Forge  
  70  5:38  Probe  
  72  5:43  Charge  
  72  5:46  Zealot  
  72  5:47  Zealot  
  72  5:48  Probe  
  81  5:53  Zealot, Sentry  
  81  5:55  Pylon  
  86  5:57  Probe  
  86  6:11  Gateway  
  86  6:12  Gateway  
  86  6:13  Probe x2  
  92  6:18  Immortal  
  92  6:25  Probe x2  
  94  6:27  Stargate, Protoss Ground Weapons Level 1  
  94  6:30  Probe  
  95  6:34  Shield Battery  
  95  6:36  Shield Battery  
  95  6:37  Probe x2  
  98  6:49  Probe  
  98  6:51  Dark Templar x2  
  98  6:52  Shield Battery  
  98  6:54  Pylon  
  102  6:57  Probe, Archon  
  103  7:01  Pylon  
  103  7:02  Photon Cannon  
  103  7:03  Probe  
  103  7:04  Probe  
  103  7:05  Phoenix, Assimilator  
  105  7:13  Assimilator  
  108  7:16  Templar Archives  
  108  7:18  Probe  
  108  7:21  Zealot  
  108  7:22  Zealot  
  113  7:24  Probe  
  113  7:25  Probe, Pylon  
  113  7:27  Phoenix  
  113  7:30  Dark Templar  
  117  7:40  Zealot x3  
  117  7:43  Zealot  
  125  7:47  Probe  
  125  7:50  Phoenix  
  126  7:52  Pylon  
  128  8:02  Probe  
  131  8:05  Immortal  
  131  8:08  Psionic Storm, Probe  
  132  8:15  Dark Templar  
  134  8:22  High Templar x2  
  134  8:24  Pylon  
  138  8:29  Zealot  
  138  8:33  Photon Cannon  
  138  8:35  Photon Cannon x2  
  138  8:36  Photon Cannon, Shield Battery  
  138  8:38  Pylon  
  138  8:42  High Templar  
  138  8:47  Pylon, Protoss Ground Weapons Level 2  
  140  8:52  High Templar  
  142  8:59  Gateway  
  142  9:02  Pylon, Gateway  
  142  9:06  Immortal  
  142  9:10  High Templar x2  
  148  9:25  Nexus  
  148  9:26  Pylon  
  148  9:29  Dark Templar  
  148  9:30  Assimilator  
  150  9:34  Assimilator  
  150  9:36  Immortal, Probe  
  151  9:44  High Templar  
  157  9:45  Pylon  
  157  9:47  Photon Cannon  
  157  9:48  Probe  
  158  9:59  Fleet Beacon  
  158  10:02  Stargate  
  158  10:10  Immortal  
  158  10:15  Photon Cannon  
  162  10:25  Shield Battery  
  162  10:27  Photon Cannon  
  162  10:28  Zealot x5  
  170  10:42  Observer  
  170  10:45  Oracle  
  180  10:57  Zealot x4  
  184  11:07  Warp Prism  
  184  11:10  Zealot x4  
  178  11:24  Zealot  
  178  11:25  Zealot x3  
  183  11:27  Probe x3  
  145  11:42  Probe x2  
  145  11:43  Zealot x3  
  115  11:58  Zealot x5  
Show
View Real Time Build Order
Export as new Build Order

Nerchio Zerg - Winner!

Build Orders: Hatch First, Muta Ling Bane, Roach Hydra 

Get SALT Encoding   

  12  0:00  Drone  
  13  0:12  Overlord  
  13  0:17  Drone  
  14  0:30  Drone x2  
  16  0:43  Drone  
  17  0:52  Hatchery  
  17  0:55  Drone  
  17  0:59  Drone  
  17  1:02  Extractor  
  17  1:14  Spawning Pool  
  17  1:18  Drone  
  17  1:21  Drone  
  18  1:28  Drone  
  19  1:38  Drone  
  20  1:49  Overlord  
  20  2:01  Queen  
  20  2:02  Metabolic Boost  
  20  2:04  Zergling x4  
  24  2:09  Queen  
  24  2:12  Drone  
  24  2:15  Drone  
  28  2:25  Drone x2  
  30  2:40  Hatchery  
  30  2:42  Zergling x2  
  30  2:43  Zergling x2  
  31  2:47  Drone x2  
  33  2:54  Overlord  
  33  2:57  Drone  
  33  3:05  Drone  
  34  3:09  Drone  
  35  3:14  Drone  
  35  3:15  Drone x2  
  35  3:17  Drone  
  39  3:20  Drone  
  40  3:28  Zergling x2  
  40  3:32  Lair  
  40  3:34  Roach Warren  
  40  3:35  Extractor  
  40  3:37  Drone  
  40  3:40  Drone x2  
  41  3:49  Overlord  
  41  3:50  Drone  
  41  3:51  Drone  
  41  3:52  Extractor, Drone x2  
  41  3:53  Drone  
  45  3:56  Spore Crawler  
  45  3:59  Overlord  
  44  4:15  Drone x3  
  44  4:16  Roach x4  
  55  4:18  Roach  
  55  4:23  Drone  
  60  4:24  Drone x2  
  60  4:28  Drone x2  
  62  4:32  Glial Reconstitution  
  62  4:34  Overseer  
  62  4:36  Overseer  
  62  4:39  Overlord  
  62  4:42  Overlord  
  62  4:57  Roach  
  62  4:58  Roach x4  
  72  5:02  Overlord x2  
  72  5:08  Drone x5  
  72  5:13  Drone  
  75  5:17  Drone  
  75  5:20  Drone x2  
  77  5:27  Drone, Spire  
  77  5:32  Drone  
  77  5:33  Drone x2  
  77  5:35  Extractor  
  78  5:37  Queen  
  78  5:39  Drone  
  81  5:44  Overlord x2  
  81  5:53  Extractor x2  
  79  6:01  Drone x3  
  82  6:11  Roach x9  
  100  6:14  Overlord  
  100  6:18  Overlord  
  100  6:24  Drone  
  100  6:25  Drone x2  
  103  6:28  Overlord  
  103  6:42  Queen  
  103  6:43  Mutalisk x4  
  103  6:44  Mutalisk  
  113  6:49  Evolution Chamber  
  113  6:51  Drone x3  
  113  6:52  Drone  
  116  7:09  Hydralisk Den  
  116  7:11  Hatchery  
  114  7:19  Drone x10  
  114  7:22  Zerg Missile Weapons Level 1  
  124  7:26  Baneling Nest  
  124  7:27  Overlord  
  123  7:35  Overlord x3  
  123  7:40  Overlord  
  123  7:45  Grooved Spines  
  123  7:46  Hydralisk x3  
  123  7:50  Hydralisk  
  131  7:51  Hydralisk  
  131  7:56  Hydralisk x2  
  137  7:59  Hydralisk  
  137  8:03  Extractor  
  137  8:04  Hydralisk x2  
  142  8:08  Pneumatized Carapace  
  142  8:13  Drone  
  142  8:14  Drone x6  
  142  8:15  Overseer  
  142  8:19  Overseer  
  145  8:24  Drone x4  
  149  8:33  Centrifical Hooks  
  149  8:37  Hydralisk  
  149  8:38  Hydralisk, Infestation Pit  
  152  8:46  Overlord x2  
  152  8:47  Hydralisk  
  154  8:48  Extractor  
  154  8:52  Hydralisk x2  
  157  8:57  Muscular Augments, Drone  
  157  8:58  Drone x4  
  157  9:02  Hydralisk x2  
  162  9:04  Overseer  
  162  9:05  Overseer  
  162  9:09  Spine Crawler  
  165  9:15  Spore Crawler  
  165  9:16  Spine Crawler  
  163  9:17  Drone x2  
  163  9:18  Drone x2  
  163  9:22  Hydralisk x2  
  171  9:27  Hydralisk x2  
  175  9:32  Zergling x10  
  175  9:38  Hive  
  180  9:40  Zergling x6  
  180  9:44  Overlord  
  180  9:45  Overlord  
  177  9:54  Zergling x6  
  177  9:55  Zergling x2  
  177  9:56  Zergling x2  
  178  10:01  Hatchery  
  178  10:05  Baneling x9  
  178  10:06  Baneling x2  
  177  10:07  Baneling x2  
  177  10:08  Baneling  
  177  10:13  Zergling x2  
  177  10:14  Zergling x8  
  182  10:20  Spire  
  181  10:23  Zergling x10  
  186  10:30  Baneling x12  
  186  10:37  Overlord  
  186  10:39  Zergling x2  
  186  10:40  Zergling x10  
  192  10:48  Baneling x10  
  192  10:52  Baneling  
  192  10:53  Baneling x9  
  189  11:08  Hydralisk x8  
  199  11:24  Hydralisk x5  
  198  11:37  Zergling x30  
Tags
 
Add a new tag
Caveats
  • Supply blocks, unpowered buildings, or Contaminate may cause inaccurate times.
  • Supply counts are checked every 10 seconds.